 Dungeon Crawl Stone Soup version 0.27.0-65-ge2af304b15 (webtiles) character file.

Game seed: 13474381599991573531

64 Malachi the Sneak (level 3, -7/24 HPs)
             Began as a Vampire Enchanter on Aug 19, 2021.
             Killed from afar by a white imp (13 damage)
             ... with a puff of frost
             ... summoned by Natasha
             ... on level 2 of the Dungeon.
             The game lasted 00:02:53 (1507 turns).

Malachi the Sneak (Vampire Enchanter)               Turns: 1507, Time: 00:02:54

Health: -7/24      AC:  3    Str:  7    XL:     3   Next: 91%
Magic:  6/6        EV: 12    Int: 18    God:
Gold:   72         SH:  0    Dex: 14    Spells: 0/6 levels left

rFire    . . .     SeeInvis +   i - +0 dagger (flame)
rCold    . . .     Faith    .   (no shield)
rNeg     . . .     Spirit   .   b - +1 robe
rPois    .         Reflect  .   (no helmet)
rElec    .         Harm     .   (no cloak)
rCorr    +         Rampage  .   (no gloves)
Will     .....                  (no boots)
Stlth    ++++......             (no amulet)
HPRegen  0.28/turn              a - ring of resist corrosion
MPRegen  0.10/turn              (no ring)

@: healing quickly
A: alive, fangs 3, see invisible, vampiric 2
a: Exsanguinate


You were on level 2 of the Dungeon.
You visited 1 branch of the dungeon, and saw 2 of its levels.

You collected 72 gold pieces.

Inventory:

Hand Weapons
 i - a +0 dagger of flaming (weapon)
Armour
 b - a +1 robe (worn)
Magical Staves
 e - a staff of fire
Jewellery
 a - a ring of resist corrosion (left hand)
Potions
 f - a potion of degeneration {unknown}
 g - 2 potions of cancellation {unknown}
 h - a potion of haste {unknown}


   Skills:
 - Level 1.1 Short Blades
 - Level 2.2 Dodging
 * Level 7.4 Stealth
 - Level 2.0 Spellcasting
 - Level 4.4 Hexes


You couldn't memorise any spells.
You knew the following spells:

 Your Spells              Type           Power      Damage    Failure   Level
a - Corona                Hex            18%        N/A       3%          1
b - Ensorcelled Hibernat  Hex/Ice        18%        N/A       11%         2
c - Confusing Touch       Hex            17%        N/A       9%          3

Your spell library contained the following spells:

 Spells                   Type           Power      Damage    Failure   Level
 Tukima's Dance           Hex            17%        N/A       9%          3
 Dazzling Flash           Conj/Hex       18%        N/A       22%         3


Dungeon Overview and Level Annotations

Branches:
Dungeon (2/15)

Altars:

Annotations:
D:2 Natasha


Innate Abilities, Weirdness & Mutations

Your natural rate of healing is accelerated.
You have razor-sharp teeth.
You have supernaturally acute eyesight. (SInv)
You are afflicted with vampirism and can become a bat while bloodless.


Message History

Natasha stares at you and mumbles some strange words.
The magic dart hits you.
Natasha howls an incantation.
You feel disoriented.
Natasha casts a spell.
Natasha mumbles some strange words.
Natasha's front paws start to glow.
Things that are here:
a +0 short sword; 4 stones; a kobold skeleton Natasha claws you but does no damage.
Natasha casts a spell.
The white imp grins evilly.
The crimson imp disappears in a puff of smoke!
Things that are here:
a +0 short sword; 4 stones; a kobold skeleton Natasha mumbles some strange words.
The white imp gestures at you. The puff of frost hits you!
The white imp gestures at you. The puff of frost hits you!
* * * LOW HITPOINT WARNING * * *
Natasha mumbles some strange words.
The white imp shouts, "Slither home, thou gleeking two-tin-hat joithead!"
The white imp disappears in a puff of smoke!
The white imp gestures at you. The puff of frost misses you.
Found a stone staircase leading down.
There is a stone staircase leading down here.
The white imp gestures at you. The puff of frost hits you!
* * * LOW HITPOINT WARNING * * *
The white imp gestures at you. The puff of frost misses you.
The white imp shouts, "Crawl home, thou loggerheaded nut-hook mendicant!"
The white imp disappears for a moment.
The white imp lashes its tail.
The white imp gestures at you. The puff of frost hits you!
Ouch! That really hurt!
You die...

### ... ## # #.. .
#.#.#.# .#.#.# ....
################.###.#
.......@.....5..>....#
###########.####.#####
#.####.....#
#.##.....#.#
#.##.###.# ###########
#.##5# ....
..........# #.##ยง#
.#.# ############)#
#.##5# #...# ..#
#.....## #5# .. .#


You could see a white imp (summoned).

Vanquished Creatures
  Natasha (D:2)
  A dart slug (D:2)
  A bat (D:1)
  6 endoplasms
  2 giant cockroaches (D:1)
  5 goblins
  6 hobgoblins
  A quokka (D:1)
  A ball python (D:2)
  A frilled lizard (D:1)
  5 kobolds
  3 rats
33 creatures vanquished.

Notes
Turn   | Place    | Note
-------+----------+-------------------------------------------
     0 | D:1      | Malachi the Vampire Enchanter began the quest for the Orb.
     0 | D:1      | Reached XP level 1. HP: 13/13 MP: 3/3
    88 | D:1      | Reached skill level 5 in Stealth
   182 | D:1      | Reached XP level 2. HP: 15/19 MP: 3/5
   219 | D:1      | Learned a level 2 spell: Ensorcelled Hibernation
   693 | D:1      | Reached skill level 6 in Stealth
  1015 | D:2      | Gained mutation: You are afflicted with vampirism and can
                  | become a bat while bloodless. [Vampire growth]
  1015 | D:2      | Reached XP level 3. HP: 23/24 MP: 6/6
  1023 | D:2      | Learned a level 3 spell: Confusing Touch
  1173 | D:2      | Noticed Natasha
  1394 | D:2      | Killed Natasha
  1395 | D:2      | Reached skill level 7 in Stealth
  1440 | D:2      | Noticed Natasha
  1507 | D:2      | Killed from afar by a white imp

Illustrated notes

Levels and vault maps discovered:
D:1:      lemuel_arrival_room, layout_basic, serial_aquarium,
          aquarium_bridge_square [aquarium_subvault_bridge,
          aquarium_subvault_wall, aquarium_subvault_bridge,
          aquarium_subvault_bridge], aquarium_window_3, aquarium_window_2,
          aquarium_window_corner, aquarium_view_2f, aquarium_view_2e,
          minmay_misc_feat_cross, bh_walls_and_bars
D:2:      layout_basic, uniq_terence, uniq_natasha

Skill      XL: |  1  2  3 |
---------------+----------+-----
Stealth        | 5 6 7 |  7.4
Short Blades   | |  1.1
Dodging        | |  2.2
Spellcasting   | |  2.0
Hexes          | |  4.4

Action                   || total
-------------------------++-------
Melee: Dagger            ||   105
       Bite              ||     6
 Cast: Corona            ||     3
       Ensorcelled Hiber ||     6
  Use: Scroll            ||     2
 Stab: Sleeping          ||    15
Armor: Robe              ||    27
Dodge: Dodged            ||    72
